 Dungeon Crawl Stone Soup version 0.23.2-11-gf996548 (webtiles) character file.

Game seed: 16371845222638313660

214 Fang the Skirmisher (level 5, -5/51 HPs)
             Began as a Gargoyle Berserker on June 3, 2019.
             Was a Believer of Trog.
             Killed by divine providence
             ... invoked by an orc priest
              (13 damage)
             ... on level 4 of the Dungeon.
             The game lasted 00:03:10 (2748 turns).

Fang the Skirmisher (Gargoyle Berserker)            Turns: 2748, Time: 00:03:11

Health: -5/51      AC:  6    Str: 27    XL:     5   Next: 92%
Magic:  0/5        EV: 12    Int:  7    God:    Trog [**....]
Gold:   206        SH:  0    Dex:  9    Spells: 4/4 levels left

rFire    . . .     SeeInvis +   a - +0 hand axe
rCold    . . .     Gourm    .   (no shield)
rNeg     + . .     Faith    .   b - +0 animal skin
rPois    ∞         Spirit   +   (no helmet)
rElec    +         Reflect  .   (no cloak)
rCorr    +         Harm     .   (no gloves)
MR       .....                  (no boots)
Stlth    ..........             f - amulet of guardian spirit
HPRegen  0.17/turn              i - ring of resist corrosion
MPRegen  0.09/turn              o - ring of see invisible

@: berserking, very quick
A: negative energy resistance 1, electricity resistance, unbreathing,
petrification resistance, rot immunity, AC +4
a: Berserk, Trog's Hand, Renounce Religion


You were on level 4 of the Dungeon.
You worshipped Trog.
Trog was pleased with you.
You were hungry.

You visited 1 branch of the dungeon, and saw 4 of its levels.

You collected 206 gold pieces.

Inventory:

Hand Weapons
 a - a +0 hand axe (weapon)
Armour
 b - a +0 animal skin (worn)
Jewellery
 f - an amulet of guardian spirit (around neck)
 i - a ring of resist corrosion (left hand)
 o - a ring of see invisible (right hand)
 t - an uncursed amulet of harm {unknown}
Wands
 g - a wand of polymorph (7)
Scrolls
 d - 2 scrolls of enchant armour {unknown}
 e - 9 scrolls of identify {unknown}
 h - 3 scrolls of teleportation {unknown}
 j - a scroll of enchant weapon {unknown}
 k - a scroll of fear {unknown}
 m - 3 scrolls of remove curse {unknown}
 n - 3 scrolls of amnesia {unknown}
 q - a scroll of blinking {unknown}
 u - a scroll of magic mapping {unknown}
 v - a scroll of noise {unknown}
Potions
 l - a potion of heal wounds {unknown}
 p - a potion of degeneration {unknown}
 r - a potion of lignification {unknown}
Comestibles
 c - 7 rations
 s - 6 chunks of flesh


   Skills:
 + Level 4.5 Fighting
 + Level 3.7 Axes
 + Level 3.6 Armour
 + Level 2.7 Dodging


You had 4 spell levels left.
You didn't know any spells.
Your spell library was empty.

Dungeon Overview and Level Annotations

Branches:
Dungeon (4/15)
 Temple: D:4-7

Altars:
Fedhas
Makhleb
Nemelex Xobeh
Okawaru


Innate Abilities, Weirdness & Mutations

You are resistant to torment.
Your stone body is resilient. (AC +4)
You are immune to poison.
You resist negative energy. (rN+)
You are resistant to electric shocks. (rElec)
You can survive without breathing.
You are immune to petrification.
You are immune to rotting.


Message History

You feel yourself moving faster!
You feel mighty!
You are feeling hungry.
The orc hits you with a +0 falchion.
* * * LOW HITPOINT WARNING * * *
The orc barely misses you.
A worm comes into view.
The orc priest completely misses you.
You slash the orc priest!
The orc priest is severely wounded.
You hit the orc.
You kill the orc!
Trog accepts your kill.
You slash the orc!
You kill the orc!
Trog accepts your kill.
You closely miss the orc priest.
The orc priest is severely wounded.
The orc priest calls down the wrath of Beogh upon you.
Beogh smites you!
You die...

#.........#..
#............
#......>/...
.........##
#........####
###............
###<#..........!.
#................
#........@o......
#........)†.#####
#......##......
##[....##.......w
#.....##........
##.#.####.......
..... .......
.......


You could see a worm and an orc priest.

Vanquished Creatures
  Natasha (thrice) (D:2)
  Terence (D:2)
  5 adders
  An ooze (D:2)
  3 leopard geckos
  4 orcs
  5 giant cockroaches
  5 goblins
  5 hobgoblins
  6 kobolds
  11 bats
  6 frilled lizards
  8 rats
63 creatures vanquished.

Notes
Turn   | Place    | Note
-------+----------+-------------------------------------------
     0 | D:1      | Fang the Gargoyle Berserker began the quest for the Orb.
     0 | D:1      | Reached XP level 1. HP: 14/14 MP: 1/1
   171 | D:1      | Reached XP level 2. HP: 18/19 MP: 2/2
   673 | D:1      | Found a sparkling altar of Nemelex Xobeh.
   699 | D:1      | Reached XP level 3. HP: 21/24 MP: 3/3
  1008 | D:2      | Found a blossoming altar of Fedhas.
  1018 | D:2      | Noticed Terence
  1055 | D:2      | Killed Terence
  1055 | D:2      | Reached ** piety under Trog
  1055 | D:2      | Reached XP level 4. HP: 29/29 MP: 4/4
  1166 | D:2      | Reached skill level 4 in Fighting
  1281 | D:2      | Found an iron altar of Okawaru.
  1596 | D:2      | Noticed Natasha
  1610 | D:2      | Killed Natasha
  1610 | D:2      | Reached XP level 5. HP: 11/33 MP: 1/5
  1889 | D:2      | Noticed Natasha
  1906 | D:2      | Killed Natasha
  2028 | D:2      | Noticed Natasha
  2037 | D:2      | Killed Natasha
  2227 | D:3      | Found a burning altar of Makhleb.
  2227 | D:3      | Noticed a cacodemon
  2748 | D:4      | Killed from afar by an orc priest

Skill      XL: |  1  2  3  4 |
---------------+-------------+-----
Axes           | 3 |  3.7
Dodging        | 2 |  2.7
Armour         | 3 |  3.6
Fighting       | 4 |  4.5

Action                   |  1- 3 |  4- 6 || total
-------------------------+-------+-------++-------
Melee: Hand axe          |   109 |   147 ||   256
       Unarmed           |    23 |       ||    23
Invok: Berserk           |       |     4 ||     4
  Eat: Chunk             |       |     9 ||     9
Armor: Animal skin       |    54 |    33 ||    87
       Skin              |     6 |       ||     6
Dodge: Dodged            |   104 |   100 ||   204
